MLB
CLEVELAND GUARDIANS @ BOSTON RED SOX
04/22/2039
 
TOP OF THE 1ST
Cleveland Guardians batting - Pitching for Boston Red Sox : RHP Joe Rudge
Pitching: RHP Joe Rudge
Batting: RHB Kevin Lafferty 0-0: Fly out, F4 (Popup, 4, EV 72.5 MPH)
Batting: LHB Curt Herlihy 0-0: DOUBLE (Flyball, 89D, EV 111.9 MPH)
Batting: LHB Doug Palmer 0-0: Ball
1-0: Ball
2-0: Foul Ball, location: 2F
2-1: Swinging Strike
2-2: Strikes out swinging
Batting: LHB Manny Matos 0-0: Ball
1-0: Foul Ball, location: 9LSF
1-1: Foul Ball, location: 25F
1-2: Ball
2-2: Foul Ball, location: 9LMF
2-2: Ball
3-2: Fly out, F8 (Flyball, 78D, EV 85.0 MPH)
Top of the 1st over - 0 runs, 1 hit, 0 errors, 1 left on base; Cleveland 0 - Boston 0
BOTTOM OF THE 1ST
Boston Red Sox batting - Pitching for Cleveland Guardians : RHP Jared Nettleton
Pitching: RHP Jared Nettleton
Batting: LHB Marcelo Mayer 0-0: Called Strike
0-1: Foul Ball, location: 7LMF
0-2: Ball
1-2: SINGLE (Groundball, 4MD, EV 103.8 MPH)
Batting: LHB Brendan Stogner 0-0: Ball
1-0: SINGLE (Line Drive, 9LS, EV 96.3 MPH)
Marcelo Mayer to second
Batting: RHB Ronald Acuna Jr. 0-0: Called Strike
0-1: Foul Ball, location: 9LDF
0-2: Ball
1-2: Strikes out swinging
Batting: RHB Juan Burruel 0-0: Fly out, F9 (Flyball, 9D, EV 87.5 MPH)
Runner from 2nd tags up, SAFE at 3rd, no throw by RF
Batting: LHB Tim Long 0-0: Ground out 4-3 (Groundball, 34D, EV 101.9 MPH)
Bottom of the 1st over - 0 runs, 2 hits, 0 errors, 2 left on base; Cleveland 0 - Boston 0
TOP OF THE 2ND
Cleveland Guardians batting - Pitching for Boston Red Sox : RHP Joe Rudge
Batting: SHB Eddie Mancilla 0-0: Fly out, F7 (Flyball, 78M, EV 85.6 MPH)
Batting: RHB William Aldas 0-0: Fly out, F8 (Flyball, 8LM, EV 87.5 MPH)
Batting: LHB Danny Quinonez 0-0: Ball
1-0: Called Strike
1-1: Ball
2-1: Ball
3-1: Ground out 4-3 (Groundball, 34, EV 100.6 MPH)
Top of the 2nd over - 0 runs, 0 hits, 0 errors, 0 left on base; Cleveland 0 - Boston 0
BOTTOM OF THE 2ND
Boston Red Sox batting - Pitching for Cleveland Guardians : RHP Jared Nettleton
Batting: RHB Yohann Gil 0-0: Swinging Strike
0-1: Ball
1-1: Foul Ball, location: 5DF
1-2: Foul Ball, location: 25F
1-2: Strikes out swinging
Batting: RHB Kevin Keller 0-0: Ball
1-0: Swinging Strike
1-1: Called Strike
1-2: Foul Ball, location: 9LDF
1-2: Fly out, F8 (Flyball, 8LM, EV 79.4 MPH)
Batting: RHB David Andino 0-0: Foul Ball, location: 5DF
0-1: Ground out 1-3 (Groundball, 13S, EV 69.4 MPH)
Bottom of the 2nd over - 0 runs, 0 hits, 0 errors, 0 left on base; Cleveland 0 - Boston 0
TOP OF THE 3RD
Cleveland Guardians batting - Pitching for Boston Red Sox : RHP Joe Rudge
Batting: RHB Gabe Waters 0-0: Swinging Strike
0-1: Ball
1-1: Ball
2-1: Ball
3-1: Foul Ball, location: 3F
3-2: Strikes out swinging
Batting: RHB Kevin Shaw 0-0: Ball
1-0: Called Strike
1-1: Swinging Strike
1-2: Ball
2-2: Foul Ball, location: 9LMF
2-2: Fly out, F7 (Flyball, 78D, EV 110.6 MPH)
Batting: RHB Kevin Lafferty 0-0: Ball
1-0: Swinging Strike
1-1: Foul Ball, location: 2F
1-2: Strikes out swinging
Top of the 3rd over - 0 runs, 0 hits, 0 errors, 0 left on base; Cleveland 0 - Boston 0
BOTTOM OF THE 3RD
Boston Red Sox batting - Pitching for Cleveland Guardians : RHP Jared Nettleton
Batting: RHB Joe Merrill 0-0: Foul Ball, location: 9LSF
0-1: Ball
1-1: Ball
2-1: Foul Ball, location: 7LMF
2-2: Foul Ball, location: 5FF
2-2: Fly out, F5 (Popup, 5SF, EV 79.4 MPH)
Batting: LHB Marcelo Mayer 0-0: Called Strike
0-1: Ball
1-1: Foul Ball, location: 2F
1-2: Strikes out swinging
Batting: LHB Brendan Stogner 0-0: Ball
1-0: Ball
2-0: Ball
3-0: Called Strike
3-1: Base on Balls
Batting: RHB Ronald Acuna Jr. 0-0: Fly out, F7 (Flyball, 7, EV 87.5 MPH)
Bottom of the 3rd over - 0 runs, 0 hits, 0 errors, 1 left on base; Cleveland 0 - Boston 0
TOP OF THE 4TH
Cleveland Guardians batting - Pitching for Boston Red Sox : RHP Joe Rudge
Batting: LHB Curt Herlihy 0-0: Ground out 1-3 (Groundball, 13S, EV 67.5 MPH)
Batting: LHB Doug Palmer 0-0: Called Strike
0-1: Swinging Strike
0-2: Foul Ball, location: 7LDF
0-2: Ball
1-2: Ground out 4-3 (Groundball, 4, EV 86.3 MPH)
Batting: LHB Manny Matos 0-0: Ball
1-0: Foul Ball, location: 25F
1-1: Ball
2-1: Foul Ball, location: 2F
2-2: Ball
3-2: Foul Ball, location: 3SF
3-2: Foul Ball, location: 2F
3-2: Base on Balls
Batting: SHB Eddie Mancilla 0-0: Ball
1-0: Ball
2-0: Foul Ball, location: 5F
2-1: Fly out, F1 (Popup, 13, EV 83.8 MPH)
Top of the 4th over - 0 runs, 0 hits, 0 errors, 1 left on base; Cleveland 0 - Boston 0
BOTTOM OF THE 4TH
Boston Red Sox batting - Pitching for Cleveland Guardians : RHP Jared Nettleton
Batting: RHB Juan Burruel 0-0: Foul Ball, location: 9LMF
0-1: Reached on error, E6 (Groundball, 6, EV 84.4 MPH)
Batting: LHB Tim Long 0-0: Intentional Walk
Batting: RHB Yohann Gil 0-0: DOUBLE (Flyball, 8RXD, EV 111.3 MPH)
Juan Burruel scores
Tim Long to third
Batting: RHB Kevin Keller 0-0: Intentional Walk
Batting: RHB David Andino 0-0: Foul Ball, location: 2F
0-1: Swinging Strike
0-2: Grounds into fielders choice 1-2 (Groundball, 13S, EV 68.1 MPH)
Yohann Gil to third
Kevin Keller to second
Batting: RHB Joe Merrill 0-0: Ball
1-0: Called Strike
1-1: Swinging Strike
1-2: Ball
2-2: Hit by Pitch
Yohann Gil scores
Kevin Keller to third
David Andino to second
Batting: LHB Marcelo Mayer 0-0: Called Strike
0-1: Ball
1-1: Swinging Strike
1-2: Grounds into double play, 4-6-3 (Groundball, 4, EV 81.3 MPH)
Bottom of the 4th over - 2 runs, 1 hit, 1 error, 2 left on base; Cleveland 0 - Boston 2
TOP OF THE 5TH
Cleveland Guardians batting - Pitching for Boston Red Sox : RHP Joe Rudge
Batting: RHB William Aldas 0-0: Ball
1-0: Called Strike
1-1: Fly out, F8 (Flyball, 8RD, EV 91.3 MPH)
Batting: LHB Danny Quinonez 0-0: Fly out, F7 (Flyball, 78S, EV 90.0 MPH)
Batting: RHB Gabe Waters 0-0: SOLO HOME RUN (Flyball, 78XD, EV 101.9 MPH), Distance : 426 ft
Batting: RHB Kevin Shaw 0-0: Ball
1-0: Foul Ball, location: 5FF
1-1: Ball
2-1: Called Strike
2-2: Foul Ball, location: 7LMF
2-2: Ball
3-2: Foul Ball, location: 2LF
3-2: Base on Balls
Batting: RHB Kevin Lafferty 0-0: Foul Ball, location: 5FF
0-1: SINGLE (Flyball, 7LS, EV 91.9 MPH)
Kevin Shaw to second
Batting: LHB Curt Herlihy 0-0: Called Strike
0-1: Ball
1-1: Ball
2-1: Foul Ball, location: 2F
2-2: Fly out, F9 (Flyball, 9, EV 79.4 MPH)
Top of the 5th over - 1 run, 2 hits, 0 errors, 2 left on base; Cleveland 1 - Boston 2
BOTTOM OF THE 5TH
Boston Red Sox batting - Pitching for Cleveland Guardians : RHP Jared Nettleton
Batting: LHB Brendan Stogner 0-0: Foul Ball, location: 7LMF
0-1: Swinging Strike
0-2: Ball
1-2: Strikes out looking
Batting: RHB Ronald Acuna Jr. 0-0: Ball
1-0: Ball
2-0: Foul Ball, location: 9LMF
2-1: Ground out U3 (Groundball, 34, EV 89.4 MPH)
Batting: RHB Juan Burruel 0-0: Called Strike
0-1: Ball
1-1: Ball
2-1: Ball
3-1: Base on Balls
Batting: LHB Tim Long 0-0: Foul Ball, location: 2F
0-1: Ground out U3 (Groundball, 3, EV 101.9 MPH)
Bottom of the 5th over - 0 runs, 0 hits, 0 errors, 1 left on base; Cleveland 1 - Boston 2
TOP OF THE 6TH
Cleveland Guardians batting - Pitching for Boston Red Sox : RHP Joe Rudge
Batting: LHB Doug Palmer 0-0: Ball
1-0: Called Strike
1-1: Ball
2-1: Ball
3-1: Called Strike
3-2: Ground out 4-3 (Groundball, 4, EV 96.3 MPH)
Batting: LHB Manny Matos 0-0: Swinging Strike
0-1: Ball
1-1: Swinging Strike
1-2: Foul Ball, location: 3F
1-2: DOUBLE (Line Drive, 89D, EV 101.9 MPH)
Batting: SHB Eddie Mancilla 0-0: Called Strike
0-1: 2-RUN HOME RUN (Flyball, 78XD, EV 103.8 MPH), Distance : 432 ft
Batting: RHB William Aldas 0-0: Called Strike
0-1: Ball
1-1: Ball
2-1: Ball
3-1: Fly out, F9 (Flyball, 9D, EV 110.0 MPH)
Batting: LHB Danny Quinonez 0-0: SOLO HOME RUN (Flyball, 89XD, EV 112.5 MPH), Distance : 434 ft
Batting: RHB Gabe Waters 0-0: Called Strike
0-1: Called Strike
0-2: Ball
1-2: Strikes out swinging
Top of the 6th over - 3 runs, 3 hits, 0 errors, 0 left on base; Cleveland 4 - Boston 2
BOTTOM OF THE 6TH
Boston Red Sox batting - Pitching for Cleveland Guardians : RHP Jared Nettleton
Batting: RHB Yohann Gil 0-0: Ball
1-0: Called Strike
1-1: Ball
2-1: Ball
3-1: Fly out, F9 (Flyball, 9D, EV 100.6 MPH)
Batting: RHB Kevin Keller 0-0: Ball
1-0: SINGLE (Groundball, 6MS, EV 84.4 MPH) (infield hit)
Batting: RHB David Andino 0-0: Swinging Strike
0-1: Ball
1-1: Called Strike
1-2: Foul Ball, location: 2F
1-2: Foul Ball, location: 23F
1-2: Ball
2-2: Ball
3-2: Ground out 6-3 (Groundball, 6, EV 108.1 MPH)
Kevin Keller to second
Batting: RHB Joe Merrill 0-0: Ball
1-0: Foul Ball, location: 9LSF
1-1: Ball
2-1: Foul Ball, location: 2F
2-2: Foul Ball, location: 2F
2-2: Ball
3-2: Base on Balls
Pitching: RHP Xander Mercer
Batting: LHB Marcelo Mayer 0-0: DOUBLE (Flyball, 89XD, EV 102.5 MPH)
Kevin Keller scores
Joe Merrill to third
Batting: LHB Brendan Stogner 0-0: Foul Ball, location: 2F
0-1: Ball
1-1: SINGLE (Line Drive, 9S, EV 100.0 MPH)
Joe Merrill scores
Marcelo Mayer to third
Runner from 3rd tries for Home, SAFE, throw by RF to home
Batting: RHB Ronald Acuna Jr. 0-0: Foul Ball, location: 2F
0-1: Foul Ball, location: 25F
0-2: Ball
1-2: Ground out 4-3 (Groundball, 34, EV 89.4 MPH)
Bottom of the 6th over - 3 runs, 3 hits, 0 errors, 1 left on base; Cleveland 4 - Boston 5
TOP OF THE 7TH
Cleveland Guardians batting - Pitching for Boston Red Sox : RHP Joe Rudge
Pitching: RHP Chris Ford
Batting: RHB Kevin Shaw 0-0: Called Strike
0-1: Swinging Strike
0-2: Foul Ball, location: 3FF
0-2: Strikes out looking
Batting: RHB Kevin Lafferty 0-0: Ball
1-0: Ball
2-0: Ball
3-0: Base on Balls
Batting: LHB Curt Herlihy 0-0: Called Strike
0-1: Ball
1-1: Foul Ball, location: 5F
1-2: Foul Ball, location: 25F
1-2: Strikes out swinging
Batting: LHB Doug Palmer 0-0: Called Strike
Kevin Lafferty steals 2nd base
0-1: Foul Ball, location: 25F
0-2: 2-RUN HOME RUN (Flyball, 7D, EV 103.1 MPH), Distance : 387 ft
Batting: LHB Manny Matos 0-0: Called Strike
0-1: Swinging Strike
0-2: Foul Ball, location: 2F
0-2: Ball
1-2: Foul Ball, location: 25F
1-2: Strikes out swinging
Top of the 7th over - 2 runs, 1 hit, 0 errors, 0 left on base; Cleveland 6 - Boston 5
BOTTOM OF THE 7TH
Boston Red Sox batting - Pitching for Cleveland Guardians : RHP Xander Mercer
Now at 1B: R.J. Romero
Batting: RHB Juan Burruel 0-0: Ball
1-0: Called Strike
1-1: Swinging Strike
1-2: Ball
2-2: Strikes out swinging
Batting: LHB Tim Long 0-0: Ball
1-0: Swinging Strike
1-1: Foul Ball, location: 5DF
1-2: Strikes out swinging
Batting: RHB Yohann Gil 0-0: Fly out, F9 (Line Drive, 9, EV 91.3 MPH)
Bottom of the 7th over - 0 runs, 0 hits, 0 errors, 0 left on base; Cleveland 6 - Boston 5
TOP OF THE 8TH
Cleveland Guardians batting - Pitching for Boston Red Sox : RHP Chris Ford
Batting: SHB Eddie Mancilla 0-0: Foul Ball, location: 2RF
0-1: Fly out, F8 (Flyball, 8LD, EV 94.4 MPH)
Pitching: RHP Irving Medina
Batting: RHB William Aldas 0-0: Fly out, F7 (Flyball, 7LMF, EV 86.3 MPH)
Batting: LHB Danny Quinonez 0-0: Ball
1-0: Called Strike
1-1: Ball
2-1: Swinging Strike
2-2: Foul Ball, location: 25FF
2-2: Ball
3-2: Base on Balls
Batting: RHB Gabe Waters 0-0: Ball
1-0: Called Strike
1-1: Fly out, F7 (Flyball, 7, EV 77.5 MPH)
Top of the 8th over - 0 runs, 0 hits, 0 errors, 1 left on base; Cleveland 6 - Boston 5
BOTTOM OF THE 8TH
Boston Red Sox batting - Pitching for Cleveland Guardians : RHP Xander Mercer
Batting: RHB Kevin Keller 0-0: Called Strike
0-1: Called Strike
0-2: Strikes out swinging
Batting: RHB David Andino 0-0: Ball
1-0: Swinging Strike
1-1: Ball
2-1: Swinging Strike
2-2: Foul Ball, location: 25FF
2-2: Strikes out looking
Batting: RHB Joe Merrill 0-0: Ball
1-0: Ball
2-0: Swinging Strike
2-1: SINGLE (Flyball, 89D, EV 86.9 MPH)
Pitching: LHP Dan Anderson
Batting: LHB Marcelo Mayer 0-0: Ground out 3-1 (Groundball, 34S, EV 86.9 MPH)
Bottom of the 8th over - 0 runs, 1 hit, 0 errors, 1 left on base; Cleveland 6 - Boston 5
TOP OF THE 9TH
Cleveland Guardians batting - Pitching for Boston Red Sox : RHP Irving Medina
Batting: RHB Kevin Shaw 0-0: Ball
1-0: Foul Ball, location: 3SF
1-1: Foul Ball, location: 5FF
1-2: Ball
2-2: Foul Ball, location: 2F
2-2: Ball
3-2: Strikes out swinging
Pitching: RHP Marc Triplett
Batting: SHB R.J. Romero 0-0: Ball
1-0: Foul Ball, location: 5DF
1-1: Foul Ball, location: 2F
1-2: Strikes out looking
Batting: LHB Curt Herlihy 0-0: Ball
1-0: Fly out, F6 (Popup, 6D, EV 71.9 MPH)
Top of the 9th over - 0 runs, 0 hits, 0 errors, 0 left on base; Cleveland 6 - Boston 5
BOTTOM OF THE 9TH
Boston Red Sox batting - Pitching for Cleveland Guardians : LHP Dan Anderson
Batting: LHB Brendan Stogner 0-0: Ball
1-0: Ball
2-0: Foul Ball, location: 7LMF
2-1: Foul Ball, location: 2F
2-2: Ground out 4-3 (Groundball, 4S, EV 63.8 MPH)
Batting: RHB Ronald Acuna Jr. 0-0: Fly out, F7 (Flyball, 7LD, EV 94.4 MPH)
Batting: RHB Juan Burruel 0-0: Ball
1-0: Ball
2-0: Ball
3-0: Base on Balls
Batting: LHB Tim Long 0-0: Ball
1-0: Fly out, F3 (Popup, 3SF, EV 76.9 MPH)
Bottom of the 9th over - 0 runs, 0 hits, 0 errors, 1 left on base; Cleveland 6 - Boston 5
Monday, March 25th , 2024 - OOTP Baseball 24.10 Build 82